[ AOE2 MATCH · #493957722 ]
UnrankedSicilians vs Teutons
Player's team · LOSS
Rival team · WIN
[ REPLAY ANALYSIS · EXTRACTED FROM THE RECORDED GAME ]
Feudal
26:28
Castle
30:18
Imperial
—
| APM avg | 39.0 |
| APM peak | 80 |
| eAPM avg | 23.2 |
| Villagers / military | 91 / 121 |
Focus
⚔️ 26.7% · 🌾 73.3%
Knight ×84 · Battering Ram ×13 · Monk ×9 · Scorpion ×9 · Serjeant ×3 · Scout Cavalry ×2
Feudal
12:24
Castle
33:52
Imperial
59:51
| APM avg | 35.7 |
| APM peak | 74 |
| eAPM avg | 22.4 |
| Villagers / military | 123 / 118 |
Focus
⚔️ 25.4% · 🌾 74.6%
Knight ×39 · Spearman ×31 · Archer ×17 · Teutonic Knight ×16 · Monk ×12 · Skirmisher ×1
Match map
Initial resources + every placement click. Lines = walls · curves = elevation contours. ◆ gold · ⬟ stone · ● berries · ✦ relic · ◌ wall gap
Your base· Open — unwalled flank
polop88's base· Open — 7t gap
Smoothed initial terrain · ◌ = detected wall gap · hover for details
Inputs per minute
— Fs.Corisco^Hs - - polop88
Build order — Fs.Corisco^Hs
First 150 of 275 actions detected
| 0:01 | Create | Villager (Male) |
| 0:01 | Create | Villager (Male) |
| 0:01 | Create | Villager (Male) |
| 0:02 | Build | House |
| 0:05 | Build | House |
| 1:12 | Create | Villager (Male) |
| 1:13 | Create | Villager (Male) |
| 1:30 | Create | Villager (Male) |
| 1:31 | Create | Villager (Male) |
| 1:57 | Create | Villager (Male) |
| 1:57 | Create | Villager (Male) |
| 2:17 | Create | Villager (Male) |
| 2:18 | Create | Villager (Male) |
| 2:38 | Build | Lumber Camp |
| 2:43 | Create | Villager (Male) |
| 2:44 | Create | Villager (Male) |
| 2:44 | Create | Villager (Male) |
| 3:39 | Create | Villager (Male) |
| 3:39 | Create | Villager (Male) |
| 3:39 | Create | Villager (Male) |
| 4:11 | Build | House |
| 4:12 | Build | House |
| 4:34 | Create | Villager (Male) |
| 4:35 | Create | Villager (Male) |
| 4:35 | Create | Villager (Male) |
| 5:27 | Create | Villager (Male) |
| 5:49 | Research | Loom |
| 6:22 | Create | Villager (Male) |
| 6:41 | Create | Villager (Male) |
| 6:42 | Create | Villager (Male) |
| 7:24 | Create | Villager (Male) |
| 7:47 | Create | Villager (Male) |
| 7:47 | Create | Villager (Male) |
| 9:04 | Build | Town Center |
| 9:56 | Create | Villager (Male) |
| 9:57 | Create | Villager (Male) |
| 11:24 | Create | Villager (Male) |
| 11:25 | Create | Villager (Male) |
| 11:31 | Build | House |
| 11:38 | Build | Palisade Wall |
| 12:35 | Create | Villager (Male) |
| 12:35 | Create | Villager (Male) |
| 12:48 | Build | Palisade Wall |
| 12:49 | Build | Palisade Wall |
| 13:11 | Create | Villager (Male) |
| 13:12 | Create | Villager (Male) |
| 13:45 | Build | House |
| 14:12 | Create | Villager (Male) |
| 14:12 | Create | Villager (Male) |
| 14:29 | Build | Town Center |
| 14:59 | Create | Villager (Male) |
| 15:00 | Create | Villager (Male) |
| 15:00 | Create | Villager (Male) |
| 15:00 | Create | Villager (Male) |
| 16:14 | Build | Palisade Wall |
| 16:15 | Build | Palisade Wall |
| 16:15 | Build | Palisade Wall |
| 16:15 | Build | Palisade Wall |
| 16:16 | Build | Palisade Wall |
| 16:16 | Build | Palisade Wall |
| 16:16 | Build | Palisade Wall |
| 16:17 | Build | Palisade Wall |
| 16:17 | Build | Palisade Wall |
| 16:17 | Build | Palisade Wall |
| 16:19 | Build | Palisade Wall |
| 18:49 | Build | Outpost |
| 18:58 | Build | Mill |
| 19:09 | Create | Villager (Male) |
| 19:09 | Create | Villager (Male) |
| 20:18 | Build | Farm |
| 20:25 | Build | Farm |
| 20:28 | Create | Villager (Male) |
| 20:28 | Create | Villager (Male) |
| 20:29 | Create | Villager (Male) |
| 20:56 | Build | Farm |
| 21:07 | Build | Palisade Wall |
| 21:10 | Build | Palisade Wall |
| 21:12 | Build | Palisade Wall |
| 21:24 | Build | Farm |
| 21:32 | Build | Palisade Wall |
| 21:36 | Build | Palisade Wall |
| 21:38 | Build | Palisade Wall |
| 21:43 | Create | Villager (Male) |
| 21:44 | Create | Villager (Male) |
| 21:48 | Build | Farm |
| 21:50 | Build | Farm |
| 22:13 | Build | Farm |
| 22:15 | Build | Farm |
| 22:17 | Create | Villager (Male) |
| 22:19 | Build | Farm |
| 22:34 | Build | Farm |
| 22:35 | Build | Farm |
| 22:36 | Build | Farm |
| 22:37 | Build | Farm |
| 22:54 | Build | Mill |
| 23:07 | Build | Palisade Wall |
| 23:10 | Build | House |
| 23:19 | Create | Villager (Male) |
| 23:24 | Build | Farm |
| 24:00 | Build | Farm |
| 24:18 | Research | Feudal Age |
| 24:31 | Build | Palisade Wall |
| 25:04 | Build | Lumber Camp |
| 25:21 | Build | Barracks |
| 25:51 | Build | Palisade Wall |
| 26:08 | Build | Palisade Wall |
| 26:28 | Age | Feudal Age |
| 26:31 | Build | Market |
| 26:36 | Build | Blacksmith |
| 27:38 | Research | Castle Age |
| 27:43 | Build | Stable |
| 27:52 | Research | Forging |
| 27:55 | Research | Scale Barding Armor |
| 28:06 | Research | Horse Collar |
| 28:12 | Create | Villager (Male) |
| 28:53 | Build | Farm |
| 29:04 | Create | Scout Cavalry |
| 29:30 | Build | Stable |
| 29:46 | Research | Forging |
| 30:18 | Age | Castle Age |
| 30:19 | Create | Villager (Male) |
| 30:21 | Create | Knight ×2 |
| 30:48 | Create | Knight |
| 31:10 | Build | Town Center |
| 31:19 | Create | Knight |
| 31:23 | Create | Villager (Male) |
| 31:37 | Create | Scout Cavalry |
| 32:00 | Build | House |
| 32:41 | Build | Siege Workshop |
| 32:48 | Create | Villager (Male) |
| 32:48 | Create | Villager (Male) |
| 32:59 | Research | Heavy Plow |
| 33:21 | Create | Villager (Male) |
| 33:39 | Create | Mangonel |
| 33:55 | Research | Bloodlines |
| 34:21 | Build | Farm |
| 35:10 | Create | Knight ×5 |
| 35:10 | Create | Knight ×5 |
| 35:22 | Create | Scorpion |
| 35:22 | Create | Scorpion |
| 35:59 | Create | Scorpion |
| 36:43 | Create | Scorpion |
| 36:43 | Create | Scorpion |
| 36:48 | Research | Chain Barding Armor |
| 37:09 | Create | Scorpion |
| 37:09 | Create | Scorpion |
| 37:40 | Create | Knight |
| 37:40 | Create | Knight |
| 38:00 | Create | Knight |
| 38:00 | Create | Knight |
Build order — polop88
First 150 of 397 actions detected
| 0:12 | Build | House |
| 0:22 | Create | Villager (Male) |
| 0:22 | Create | Villager (Male) |
| 0:22 | Create | Villager (Male) |
| 0:23 | Create | Villager (Male) |
| 0:23 | Create | Villager (Male) |
| 1:38 | Create | Villager (Male) |
| 2:05 | Create | Villager (Male) |
| 2:28 | Create | Villager (Male) |
| 2:48 | Build | House |
| 2:49 | Research | Loom |
| 3:15 | Build | Mill |
| 3:27 | Create | Villager (Male) |
| 3:27 | Create | Villager (Male) |
| 3:39 | Create | Villager (Male) |
| 4:03 | Build | House |
| 4:24 | Create | Villager (Male) |
| 4:37 | Create | Villager (Male) |
| 5:03 | Create | Villager (Male) |
| 5:36 | Create | Villager (Male) |
| 5:36 | Create | Villager (Male) |
| 5:54 | Create | Villager (Male) |
| 6:06 | Build | House |
| 6:20 | Create | Villager (Male) |
| 7:40 | Create | Villager (Male) |
| 7:41 | Create | Villager (Male) |
| 8:40 | Create | Villager (Male) |
| 8:40 | Create | Villager (Male) |
| 8:41 | Create | Villager (Male) |
| 8:49 | Create | Villager (Male) |
| 9:21 | Build | Lumber Camp |
| 9:49 | Create | Villager (Male) |
| 9:49 | Create | Villager (Male) |
| 10:04 | Research | Feudal Age |
| 10:14 | Build | Mining Camp |
| 11:00 | Build | Barracks |
| 11:12 | Build | House |
| 11:26 | Create | Villager (Male) |
| 11:26 | Create | Villager (Male) |
| 12:24 | Age | Feudal Age |
| 12:28 | Create | Spearman |
| 13:05 | Research | Double-Bit Axe |
| 13:24 | Build | Town Center |
| 14:38 | Create | Villager (Male) |
| 14:39 | Create | Villager (Male) |
| 15:19 | Create | Villager (Male) |
| 15:19 | Create | Villager (Male) |
| 16:02 | Build | Mill |
| 17:36 | Build | Lumber Camp |
| 19:45 | Build | Town Center |
| 20:30 | Build | Market |
| 21:09 | Create | Villager (Male) |
| 21:09 | Create | Villager (Male) |
| 21:09 | Create | Villager (Male) |
| 21:37 | Build | Archery Range |
| 22:37 | Create | Archer |
| 22:38 | Create | Archer |
| 22:38 | Create | Archer |
| 22:42 | Build | House |
| 22:48 | Create | Villager (Male) |
| 22:48 | Create | Villager (Male) |
| 22:49 | Create | Villager (Male) |
| 22:49 | Create | Villager (Male) |
| 23:07 | Build | Farm |
| 23:07 | Build | Farm |
| 23:07 | Build | Farm |
| 23:08 | Build | Farm |
| 23:09 | Build | Farm |
| 23:43 | Create | Archer |
| 24:37 | Build | Blacksmith |
| 25:15 | Create | Villager (Male) |
| 25:22 | Create | Archer |
| 25:22 | Create | Archer |
| 25:46 | Build | House |
| 26:00 | Build | House |
| 26:07 | Research | Fletching |
| 26:32 | Create | Archer |
| 26:32 | Create | Archer |
| 26:39 | Build | Archery Range |
| 26:55 | Build | Farm |
| 26:55 | Build | Farm |
| 26:56 | Build | Farm |
| 26:57 | Build | Farm |
| 26:57 | Build | Farm |
| 26:58 | Build | Farm |
| 27:39 | Create | Skirmisher |
| 27:40 | Create | Archer |
| 27:40 | Create | Archer |
| 27:41 | Create | Archer |
| 27:54 | Create | Villager (Male) |
| 27:55 | Create | Villager (Male) |
| 27:55 | Create | Villager (Male) |
| 27:55 | Create | Villager (Male) |
| 29:40 | Build | Farm |
| 29:40 | Build | Farm |
| 29:40 | Build | Farm |
| 29:41 | Build | Farm |
| 29:42 | Build | Farm |
| 29:42 | Build | Farm |
| 29:44 | Create | Villager (Male) |
| 29:44 | Create | Villager (Male) |
| 29:45 | Create | Villager (Male) |
| 29:48 | Build | House |
| 30:04 | Create | Archer |
| 30:05 | Create | Archer |
| 30:05 | Create | Archer |
| 30:11 | Build | Stable |
| 31:12 | Research | Castle Age |
| 31:22 | Build | Barracks |
| 31:46 | Create | Archer |
| 31:46 | Create | Archer |
| 31:46 | Create | Archer |
| 31:52 | Create | Spearman |
| 31:53 | Create | Spearman |
| 31:53 | Create | Spearman |
| 32:19 | Build | House |
| 32:20 | Build | House |
| 32:51 | Build | House |
| 32:52 | Build | House |
| 32:52 | Build | House |
| 32:54 | Create | Spearman |
| 32:55 | Create | Spearman |
| 33:19 | Research | Forging |
| 33:51 | Create | Villager (Male) |
| 33:52 | Age | Castle Age |
| 33:59 | Build | Monastery |
| 34:03 | Research | Pikeman (upgrade) |
| 34:24 | Create | Knight |
| 34:39 | Create | Spearman |
| 34:39 | Create | Spearman |
| 34:48 | Create | Monk |
| 34:48 | Create | Monk |
| 34:52 | Build | Farm |
| 35:06 | Create | Knight |
| 35:06 | Create | Knight |
| 35:15 | Build | Farm |
| 35:15 | Build | Farm |
| 35:19 | Create | Villager (Male) |
| 35:24 | Build | Mining Camp |
| 36:03 | Create | Knight |
| 36:26 | Create | Villager (Male) |
| 36:26 | Create | Villager (Male) |
| 36:27 | Create | Villager (Male) |
| 36:37 | Research | Redemption |
| 36:52 | Create | Knight |
| 36:53 | Create | Knight |
| 37:17 | Create | Spearman |
| 37:18 | Create | Spearman |
| 37:53 | Create | Monk |
| 37:53 | Create | Monk |
Match timeline
| 11:00 | polop88 · first_building Barracks |
| 11:38 | Fs.Corisco^Hs · wall_segment Palisade Wall x3 |
| 12:24 | polop88 · age_up feudal |
| 12:48 | Fs.Corisco^Hs · wall_segment Palisade Wall x3 |
| 12:49 | Fs.Corisco^Hs · wall_segment Palisade Wall x2 |
| 16:14 | Fs.Corisco^Hs · wall_segment Palisade Wall x1 |
| 16:15 | Fs.Corisco^Hs · wall_segment Palisade Wall x1 |
| 16:15 | Fs.Corisco^Hs · wall_segment Palisade Wall x1 |
| 16:15 | Fs.Corisco^Hs · wall_segment Palisade Wall x1 |
| 16:16 | Fs.Corisco^Hs · wall_segment Palisade Wall x1 |
| 16:16 | Fs.Corisco^Hs · wall_segment Palisade Wall x2 |
| 16:16 | Fs.Corisco^Hs · wall_segment Palisade Wall x2 |
| 16:17 | Fs.Corisco^Hs · wall_segment Palisade Wall x1 |
| 16:17 | Fs.Corisco^Hs · wall_segment Palisade Wall x2 |
| 16:17 | Fs.Corisco^Hs · wall_segment Palisade Wall x1 |
| 16:19 | Fs.Corisco^Hs · wall_segment Palisade Wall x1 |
| 21:07 | Fs.Corisco^Hs · wall_segment Palisade Wall x1 |
| 21:10 | Fs.Corisco^Hs · wall_segment Palisade Wall x1 |
| 21:12 | Fs.Corisco^Hs · wall_segment Palisade Wall x1 |
| 21:32 | Fs.Corisco^Hs · wall_segment Palisade Wall x1 |
| 21:36 | Fs.Corisco^Hs · wall_segment Palisade Wall x1 |
| 21:37 | polop88 · first_building Archery Range |
| 21:38 | Fs.Corisco^Hs · wall_segment Palisade Wall x1 |
| 23:07 | Fs.Corisco^Hs · wall_segment Palisade Wall x1 |
| 24:31 | Fs.Corisco^Hs · wall_segment Palisade Wall x1 |
| 25:21 | Fs.Corisco^Hs · first_building Barracks |
| 25:51 | Fs.Corisco^Hs · wall_segment Palisade Wall x1 |
| 26:05 | polop88 · first_market_sell 100 wood |
| 26:05 | polop88 · first_market_buy 100 food |
| 26:08 | Fs.Corisco^Hs · wall_segment Palisade Wall x1 |
| 26:28 | Fs.Corisco^Hs · age_up feudal |
| 27:43 | Fs.Corisco^Hs · first_building Stable |
| 29:51 | Fs.Corisco^Hs · first_market_buy 100 food |
| 30:11 | polop88 · first_building Stable |
| 30:18 | Fs.Corisco^Hs · age_up castle |
| 32:41 | Fs.Corisco^Hs · first_building Siege Workshop |
| 33:52 | polop88 · age_up castle |
| 33:59 | polop88 · first_building Monastery |
| 38:59 | Fs.Corisco^Hs · first_building Monastery |
| 46:09 | Fs.Corisco^Hs · first_building Castle |
| 49:33 | Fs.Corisco^Hs · first_market_sell 100 wood |
| 49:43 | polop88 · first_building Castle |
| 57:37 | Fs.Corisco^Hs · first_building Donjon |
| 58:25 | polop88 · first_building Siege Workshop |
| 59:51 | polop88 · age_up imperial |
| 64:55 | Fs.Corisco^Hs · resign |
[ AI ANALYSIS · 1 CREDIT ]
What really happened in this match?
Wolo.gg analyzes every decision: build order, eco, micro, common mistakes by bracket. Personalized analysis on WhatsApp or Discord in 30 seconds.
Civ guide
Sicilians
Perfil
Fs.Corisco^Hs